 Dungeon Crawl Stone Soup version 0.31-a0-986-g5e6e4ef867 (webtiles) character file.

Game seed: 746972980072251887

5338 FakeRyeBread the Basher (level 10, 0/64 HPs)
             Began as a Gargoyle Fighter on Nov 7, 2023.
             Was a High Priest of Okawaru.
             Slain by a vampire
             ... wielding a +1 vampiric halberd
              (3 damage)
             ... in a bailey.
             The game lasted 00:24:59 (8477 turns).

FakeRyeBread the Basher (Gargoyle Fighter)          Turns: 8477, Time: 00:25:00

Health: 0/64       AC: 30    Str: 28    XL:     10   Next: 65%
Magic:  12/13      EV: 10    Int:  8    God:    Okawaru [*****.]
Gold:   30         SH:  8    Dex:  9    Spells: 9/9 levels left

rFire   + + .        D - +0 morningstar
rCold   + . .        d - +2 buckler
rNeg    + . .        y - +0 storm dragon scales
rPois   ∞            r - +0 helmet
rElec   +            m - scarf {repulsion}
rCorr   +            A - +1 pair of gloves {Str+3}
SInv    .            q - +2 pair of boots
Will    .....        l - amulet of faith Stlth
                     f - ring of protection from fire
HPRegen 0.30/turn    w - ring of resist corrosion
MPRegen 0.13/turn

%: repel missiles, faith
@: resistant, heroic
A: sickness immunity, AC +7, negative energy resistance 1, electricity
resistance, torment resistance 1, petrification resistance
a: Renounce Religion, Heroism, Finesse, Duel


You were in a bailey.
You worshipped Okawaru.
Okawaru was extremely pleased with you.
You visited 2 branches of the dungeon, and saw 9 of its levels.
You also visited: Bailey.

You collected 415 gold pieces.
You spent 385 gold pieces at shops.

Inventory:

Hand Weapons
 a - a +1 flail
 D - a +0 morningstar (weapon)
Missiles
 h - 4 silver javelins
 v - 9 boomerangs (quivered)
Armour
 d - a +2 buckler (worn)
 m - a scarf of repulsion (worn)
 q - a +2 pair of boots (worn)
 r - a +0 helmet (worn)
 y - +0 storm dragon scales (worn)
 A - a +1 pair of gloves of strength (worn)
Jewellery
 f - a ring of protection from fire (left hand)
 k - an amulet of reflection
 l - an amulet of faith (around neck)
 w - a ring of resist corrosion (right hand)
Wands
 e - a wand of digging (3)
 g - a wand of flame (25)
 u - a wand of acid (3)
 B - a wand of mindburst (8)
Scrolls
 b - 3 scrolls of teleportation
 c - 3 scrolls of identify
 n - 3 scrolls of blinking
Potions
 i - a potion of cancellation
 o - a potion of brilliance
 p - 2 potions of enlightenment
 s - a potion of magic
 x - a potion of lignification
 z - 3 potions of berserk rage
 C - a potion of attraction {unknown}


   Skills:
 + Level 8.0(13.0) Fighting
 * Level 9.6(14.6) Maces & Flails
 + Level 8.0(13.0) Armour
 + Level 7.9(12.9) Shields
 - Level 5.0 Invocations


You had 9 spell levels left.
You didn't know any spells.
Your spell library contained the following spells:

 Spells                   Type           Power      Damage    Failure   Level
 Apportation              Tloc           0%         N/A       87%         1
 Magic Dart               Conj           0%         1d3       87%         1
 Necrotise                Necr           0%         1d4       87%         1
 Hailstorm                Conj/Ice       0%         3d3       99%         3
 Inner Flame              Hex/Fire       0%         N/A       99%         3
 Mephitic Cloud           Conj/Pois/Air  0%         N/A       99%         3
 Flame Wave               Conj/Fire      0%         2d4       100%        4
 Sticky Flame             Conj/Fire      0%         2d3       100%        4
 Summon Small Mammal      Summ           Unusable   N/A       N/A         1
 Call Imp                 Summ           Unusable   N/A       N/A         2
 Summon Ice Beast         Ice/Summ       Unusable   N/A       N/A         4
 Simulacrum               Ice/Necr       Unusable   N/A       N/A         6

Dungeon Overview and Level Annotations

Branches:
Dungeon (8/15)             Temple (1/1) D:4          Bailey (1/1)
   Lair: D:8-11

Altars:
Ashenzari
Cheibriados
Dithmenos
Elyvilon
Fedhas
Hepliaklqana
Kikubaaqudgha
Makhleb
Nemelex Xobeh
Okawaru
Qazlal
Ru
Trog
Uskayaw
Vehumet
Wu Jian
Xom
Yredelemnul
Zin

Shops:
D:1 ?=?!   D:3 [   D:8 (


Innate Abilities, Weirdness & Mutations

You are immune to sickness and miasma.
Your stone body is resilient. (AC +7)
You are immune to poison.
You resist negative energy. (rN+)
You are resistant to electric shocks. (rElec)
You are resistant to unholy torment.
You are immune to petrification.


Message History

You block something's attack.
You hit something. Something hits you but does no damage.
Something bites you but does no damage.
You closely miss something. Something hits you but does no damage.
Something bites you but does no damage.
You hit something. Something hits you! Something bites you but does no damage.
You barely miss something. Something hits you but does no damage.
Something bites you but does no damage.
You barely miss something. Something hits you but does no damage.
Something bites you but does no damage.
You hit something but do no damage. Something hits you.
Something bites you but does no damage.
You puncture something!
You hear some strange, mumbled words.
Something tries to affect you, but you resist.
You sock something! Something hits you. Something bites you but does no damage.
You gain the combat prowess of a mighty hero.
Something hits you. Something bites you but does no damage.
You closely miss something.
You hear some strange, mumbled words.
You are confused.
Something hits you. Something bites you but does no damage.
You hit something but do no damage. You hit something.
You hear some strange, mumbled words.
Something tries to affect you, but you resist.
Something hits you! Something bites you.
* * * LOW HITPOINT WARNING * * *
Something hits you.
* * * LOW HITPOINT WARNING * * *
Something bites you but does no damage.
You feel protected.
You feel less confused. Something hits you!
* * * LOW HITPOINT WARNING * * *
Something bites you.
* * * LOW HITPOINT WARNING * * *
Okay, then.
You hit something but do no damage. You block something's attack.
Something bites you.
You die...

...♣.......#....#.....
#......♣....#....#....♣
.♣♣.♣.....#..#'##'#♣♣
♣.......#..#....#
.......#...####....#
......####....+....#
.....##..##...+....#
#########....#...#....#
#8......@........#....#
#.......{.#......#+####
###''##...##....8#
##....##...#######
#......##...)....#
#...##...#8......8#
#..# ##..########## #..
#..# #8. ..8#


There were no monsters in sight!

Vanquished Creatures
  A two-headed ogre (D:8)
  A gargoyle (Bailey)
  A hornet (D:8)
  Sigmund (D:6)
  Eustachio (D:4)
  5 yaks (D:8)
  A water moccasin (D:8)
  3 black bears
  An ice beast (D:6)
  2 sky beasts
  A centaur (D:8)
  A phantom (D:6)
  7 bullfrogs
  3 kobold brigands
  A gnoll sergeant (D:6)
  2 scorpions
  4 wights (D:6)
  A jelly (D:6)
  8 wolf zombies (Bailey)
  5 howler monkeys
  7 vampire bats (Bailey)
  4 hounds
  2 orc priests
  2 sleepcaps
  5 iguanas
  An orc wizard (D:7)
  4 gnolls (D:6)
  7 adders
  A white imp (D:5)
  2 worms
  A dart slug (D:1)
  21 orcs
  5 ball pythons
  3 bats (D:3)
  7 endoplasms
  A giant cockroach (D:4)
  3 hobgoblins
  6 jackals (D:1)
  2 quokkas (D:1)
  A frilled lizard (D:2)
  6 goblins
  31 kobolds
  16 orc zombies (Bailey)
  4 rats
192 creatures vanquished.

Vanquished Creatures (others)
  A kobold (D:5)
1 creature vanquished.

Grand Total: 193 creatures vanquished

Notes
Turn   | Place    | Note
-------+----------+-------------------------------------------
     0 | D:1      | FakeRyeBread the Gargoyle Fighter began the quest for the
                  | Orb.
     0 | D:1      | Reached XP level 1. HP: 14/14 MP: 1/1
    75 | D:1      | Reached XP level 2. HP: 12/19 MP: 2/2
    82 | D:1      | Found Nasin's Magic Scroll Shoppe.
   229 | D:1      | Found Ycug's Distillery.
   421 | D:1      | Found Qiackit's Jewellery Boutique.
   480 | D:1      | Reached XP level 3. HP: 11/23 MP: 3/3
   646 | D:1      | Found Ofeanam's Magic Scroll Shoppe.
   825 | D:2      | Found a faded altar of an unknown god.
   825 | D:2      | Noticed an ice devil
  1630 | D:3      | Identified the +1 falchion of Regicide {drain, rElec Str+2
                  | Dex-4 Stlth+}
  1679 | D:3      | Found Rysithr Batek's Armour Emporium.
  1700 | D:3      | Reached skill level 3 in Maces & Flails
  1700 | D:3      | Reached XP level 4. HP: 20/29 MP: 4/4
  1793 | D:3      | Bought a +0 helmet for 49 gold pieces
  2165 | D:4      | Reached XP level 5. HP: 15/33 MP: 5/5
  2208 | D:3      | Bought a scarf of repulsion for 132 gold pieces
  2280 | D:4      | Found a staircase to the Ecumenical Temple.
  2289 | Temple   | Entered the Ecumenical Temple
  2322 | Temple   | Became a worshipper of Warmaster Okawaru
  2593 | D:4      | Found a hazy altar of Hepliaklqana.
  2988 | D:4      | Found a sparkling altar of Nemelex Xobeh.
  2988 | D:4      | Found a white marble altar of Elyvilon.
  3228 | D:1      | Bought a scroll of identify for 24 gold pieces
  3228 | D:1      | Bought a scroll of identify for 24 gold pieces
  3292 | D:5      | Entered Level 5 of the Dungeon
  3292 | D:5      | Noticed a black bear
  3344 | D:5      | Reached skill level 4 in Maces & Flails
  3363 | D:5      | Reached XP level 6. HP: 39/39 MP: 6/6
  3458 | D:5      | Killed a black bear
  3625 | D:5      | Reached XP level 7. HP: 44/44 MP: 7/7
  3657 | D:5      | Noticed Eustachio
  3671 | D:5      | Found a basalt altar of Yredelemnul.
  3762 | D:4      | Killed Eustachio
  3762 | D:4      | Reached * piety under Okawaru
  3763 | D:4      | Reached skill level 5 in Maces & Flails
  4163 | D:5      | Reached skill level 5 in Fighting
  4163 | D:5      | Reached skill level 5 in Armour
  4163 | D:5      | Reached skill level 5 in Shields
  4680 | D:6      | Reached XP level 8. HP: 46/49 MP: 8/8
  4747 | D:6      | Reached skill level 1 in Invocations
  4802 | D:6      | Noticed Sigmund
  4817 | D:6      | Killed Sigmund
  4817 | D:6      | Reached ** piety under Okawaru
  4818 | D:6      | Reached skill level 6 in Maces & Flails
  5122 | D:6      | Found a hide-covered altar of Uskayaw.
  5652 | D:6      | Reached *** piety under Okawaru
  5656 | D:6      | Reached skill level 7 in Maces & Flails
  5668 | D:6      | Reached XP level 9. HP: 35/55 MP: 11/11
  6323 | D:1      | Bought a scroll of blinking for 82 gold pieces
  6323 | D:1      | Bought a scroll of identify for 22 gold pieces
  6757 | D:7      | Found a radiant altar of Vehumet.
  6859 | D:7      | Found a blossoming altar of Fedhas.
  7352 | Bailey   | Identified the "Ydasaw"
  7353 | D:8      | Noticed a hornet
  7372 | D:8      | Killed a hornet
  7436 | D:8      | Noticed a two-headed ogre
  7448 | D:8      | Killed a two-headed ogre
  7449 | D:8      | Reached skill level 8 in Maces & Flails
  7611 | D:8      | Reached **** piety under Okawaru
  7727 | D:8      | Reached XP level 10. HP: 62/63 MP: 13/13
  7850 | D:8      | Found Ita Wobiu's Weapon Boutique.
  7853 | D:8      | Bought a +0 morningstar for 52 gold pieces
  7881 | D:8      | Reached skill level 9 in Maces & Flails
  7887 | D:8      | Reached skill level 5 in Invocations
  7954 | D:8      | Found a flagged portal.
  7965 | D:8      | Reached ***** piety under Okawaru
  7984 | Bailey   | Entered a bailey
  8321 | Bailey   | Noticed a gargoyle
  8337 | Bailey   | Killed a gargoyle
  8337 | Bailey   | Received a gift from Okawaru
  8476 | Bailey   | HP: 3/64 [something (13)]
  8477 | Bailey   | Slain by a vampire

Illustrated notes

Levels and vault maps discovered:
D:1:      lordsloth_arrival_two_stooges, layout_loops_ring, serial_shops, shop,
          nicolae_shop_gibbet_a_chance, nicolae_shop_tiny_real_fake_doors,
          nicolae_shop_tiny_glass
D:2:      layout_loops_ring, dreamdust_ecumenical_altar_sealed_demon,
          serial_bayou_pond_d
D:3:      layout_basic, serial_shops, shop, chequers_serial_rivers_small_a
D:4:      layout_layer_cave, old_standard_altar, gammafunk_temple_overflow_wave,
          minmay_temple_entry_large_hall, saegor_snake_ambush
D:5:      kennysheep_kobold_camp, layout_rooms, mainiacjoe_overflow_boulevard,
          uniq_eustachio
D:6:      layout_basic, eat_drink_and_be_merry_uskayaw, uniq_sigmund
D:7:      layout_loops_ring, fedhas_ov_isle_minmay, mainiacjoe_overflow_brackets
D:8:      layout_cave_pools, special_room [special_room_orc], serial_shops,
          nicolae_shop_behind_doors, enter_bailey_6, hangedman_decor_points
Temple:   nicolae_temple_godzebo
Bailey:   bailey_polearm_vampire_castle_hellmonk, bailey

Skill      XL: |  1  2  3  4  5  6  7  8  9 10 |
---------------+-------------------------------+-----
Maces & Flails | 3 4 5 7 8 9 |  9.6
Fighting       | 4 5 6 7 8 |  8.0
Armour         | 4 5 6 7 8 |  8.0
Shields        | 4 5 6 7 |  7.9
Invocations    | 2 4 5 |  5.0

Action                     |  1- 3 |  4- 6 |  7- 9 | 10-12 || total
---------------------------+-------+-------+-------+-------++-------
  Melee: Flail             |   117 |   126 |   393 |    27 ||   663
         Morningstar       |       |       |       |   211 ||   211
  Throw: Boomerang         |       |     7 |       |       ||     7
 Invoke: Heroism           |       |       |     1 |     1 ||     2
    Use: Scroll            |     6 |     6 |     9 |       ||    21
         Potion            |       |       |     4 |     1 ||     5
 Armour: Scale mail        |    91 |   106 |    65 |       ||   262
         Chain mail        |       |       |   175 |       ||   175
         Storm dragon scal |       |       |   100 |   243 ||   343
  Dodge: Dodged            |    69 |    51 |   164 |   124 ||   408
         Repelled          |       |       |     2 |       ||     2
  Block: Buckler           |    23 |    38 |   112 |   102 ||   275

Table legend: (Time is in decaauts)
 A = Elapsed time spent in this place.
 B = Non-inter-level travel time spent in this place.
 C = Inter-level travel time spent in this place.
 D = Time resting spent in this place.
 E = Time spent auto-exploring this place.
 F = Levels seen in this place.
 G = Mean time per level.
                   A        B        C        D        E       F      G
               +--------+--------+--------+--------+--------+-----+--------+
         Total |   8630 |   6734 |   1896 |    706 |   3805 |  10 |  863.0 |
       Dungeon |   8068 |   6232 |   1836 |    597 |   3754 |   8 | 1008.5 |
        Temple |     62 |      2 |     60 |      0 |      0 |   1 |   62.0 |
        Bailey |    499 |    499 |      0 |    109 |     51 |   1 |  499.0 |
               +--------+--------+--------+--------+--------+-----+--------+

Top non-repeatable levels by time:
     D:6: 1713 daAuts
     D:4: 1231 daAuts
     D:5: 1218 daAuts
     D:1: 968 daAuts
     D:2: 844 daAuts
     D:7: 796 daAuts
     D:3: 747 daAuts
     D:8: 547 daAuts
  Bailey: 499 daAuts
  Temple: 62 daAuts
